 Dungeon Crawl Stone Soup version 0.24.0-10-g970556be89 (webtiles) character file.

Game seed: 11292318925052034282, levelgen mode: deterministic

427 Iamsoldier the Magician (level 6, -8/32 HPs)
             Began as a Deep Elf Conjurer on Nov 5, 2019.
             Was a Follower of Vehumet.
             Mangled by a hippogriff (12 damage)
             ... on level 4 of the Dungeon.
             The game lasted 00:18:37 (4767 turns).

Iamsoldier the Magician (Deep Elf Conjurer)         Turns: 4767, Time: 00:18:38

Health: -8/32      AC:  2    Str:  5    XL:     6   Next: 65%
Magic:  6/18       EV: 13    Int: 22    God:    Vehumet [*.....]
Gold:   197        SH:  0    Dex: 15    Spells: 13/20 levels left

rFire    + . .     SeeInvis .   (no weapon)
rCold    + . .     Gourm    .   (no shield)
rNeg     . . .     Faith    .   q - +0 robe {rC+ rF+}
rPois    .         Spirit   .   (no helmet)
rElec    .         Reflect  .   h - scarf {repulsion}
rCorr    .         Harm     .   (no gloves)
MR       .....                  (no boots)
Stlth    ++........             (no amulet)
HPRegen  0.10/turn              (no ring)
MPRegen  0.16/turn              (no ring)

@: repel missiles
A: no striking features
a: Renounce Religion


You were on level 4 of the Dungeon.
You worshipped Vehumet.
Vehumet was aware of your devotion.
You were not hungry.

You visited 1 branch of the dungeon, and saw 4 of its levels.

You collected 197 gold pieces.

Inventory:

Missiles
 l - 119 stones (quivered)
Armour
 a - a +0 robe
 f - a +1 cloak
 h - a scarf of repulsion (worn)
 q - a +0 robe of resistance (worn)
Scrolls
 b - 5 scrolls of identify {unknown}
 e - 2 scrolls of magic mapping {unknown}
 j - a scroll of enchant armour {unknown}
 m - a scroll of blinking {unknown}
 o - a scroll of remove curse {unknown}
 p - 3 scrolls of amnesia {unknown}
 s - 2 scrolls of teleportation {unknown}
 t - a scroll of immolation {unknown}
Potions
 d - 2 potions of curing
 g - a potion of might {unknown}
 i - 2 potions of lignification {unknown}
 k - a potion of heal wounds
 n - a potion of haste
Comestibles
 c - 9 rations
 r - 3 chunks of flesh


   Skills:
 - Level 2.4 Dodging
 - Level 2.4 Stealth
 * Level 7.8 Spellcasting
 + Level 6.3 Conjurations


You had 13 spell levels left.
You knew the following spells:

 Your Spells              Type           Power        Failure   Level  Hunger
a - Magic Dart            Conj           ####         1%          1    None
b - Searing Ray           Conj           #####.       1%          2    None
c - Iskenderun's Mystic   Conj           #####...     5%          4    ###....

Your spell library contained the following spells:

 Spells                   Type           Power        Failure   Level  Hunger
 Shock                    Conj/Air       ###.         1%          1    None
 Dazzling Spray           Conj/Hex       ###...       6%          3    None
 Force Lance              Conj/Tloc      ###.....     21%         4    ###....
 Fulminant Prism          Conj/Hex       ###.......   21%         4    ###....


Dungeon Overview and Level Annotations

Branches:
Dungeon (4/15)
 Temple: D:4-7

Altars:
Ashenzari
Cheibriados
Dithmenos
Fedhas
Kikubaaqudgha
Nemelex Xobeh
Vehumet
Zin


Message History

The hippogriff is heavily wounded.
You finish channeling your searing ray.
The hippogriff bites you! The hippogriff pecks you.
The hippogriff claws you but does no damage.
The hippogriff misses you. The hippogriff closely misses you. x2
The hippogriff bites you. The hippogriff barely misses you.
The hippogriff closely misses you.
Casting: Searing Ray (safe; 1% risk of failure)
Confirm with . or Enter, or press ? or * to list all spells.
Aiming: Searing Ray (safe; 1% risk of failure)
Press: ? - help, Shift-Dir - straight line, f/p - hippogriff
Aim: a hippogriff (heavily wounded)
The searing ray hits the hippogriff.
The hippogriff is heavily wounded. (Press . to maintain the ray.)
The hippogriff bites you. The hippogriff pecks you.
* * * LOW HITPOINT WARNING * * *
The hippogriff claws you but does no damage.
The searing ray misses the hippogriff.
The hippogriff bites you!
You die...

.#. .# #.#..# .#
#.#.. .#
#.#.###.#
#.#.....##
#..♣...♣.##
#####.........#
#...H♣...<...♣.#
#...@.....÷÷..#
#......♣...♣.##
#...........##
######......#
########


You could see a hippogriff.

Vanquished Creatures
  A crimson imp (D:3)
  A centaur skeleton (D:3)
  2 orc wizards (D:3)
  Jessica (D:2)
  Natasha (thrice) (D:2)
  A worker ant (D:4)
  6 adders
  An ooze (D:1)
  5 worms
  2 dart slugs
  4 leopard geckos
  12 orcs
  5 bats
  4 giant cockroaches
  13 goblins
  5 hobgoblins
  A jackal (D:1)
  11 kobolds
  3 quokkas
  2 ball pythons
  8 frilled lizards
  14 rats
105 creatures vanquished.

Notes
Turn   | Place    | Note
-------+----------+-------------------------------------------
     0 | D:1      | Iamsoldier the Deep Elf Conjurer began the quest for the
                  | Orb.
     0 | D:1      | Reached XP level 1. HP: 10/10 MP: 6/6
   212 | D:1      | Reached XP level 2. HP: 15/15 MP: 6/8
   920 | D:1      | Reached skill level 4 in Spellcasting
  1265 | D:1      | Reached XP level 3. HP: 19/19 MP: 5/10
  1485 | D:1      | Reached skill level 5 in Conjurations
  1601 | D:2      | Found a faded altar of an unknown god.
  1798 | D:2      | Learned a level 2 spell: Searing Ray
  2015 | D:2      | Noticed Natasha
  2024 | D:2      | Killed Natasha
  2024 | D:2      | Reached skill level 5 in Spellcasting
  2024 | D:2      | Reached XP level 4. HP: 17/24 MP: 3/13
  2782 | D:2      | Noticed Jessica
  2784 | D:2      | Killed Jessica
  2784 | D:2      | Reached XP level 5. HP: 18/28 MP: 10/15
  2959 | D:2      | Found a shattered altar of Ashenzari.
  2959 | D:2      | Found a sparkling altar of Nemelex Xobeh.
  2959 | D:2      | Found a glowing silver altar of Zin.
  2959 | D:2      | Found a radiant altar of Vehumet.
  2961 | D:2      | Found a snail-covered altar of Cheibriados.
  2962 | D:2      | Found a blossoming altar of Fedhas.
  2964 | D:2      | Found a shadowy altar of Dithmenos.
  2965 | D:2      | Found an ancient bone altar of Kikubaaqudgha.
  2988 | D:2      | Became a worshipper of Vehumet
  2995 | D:2      | Learned a level 4 spell: Iskenderun's Mystic Blast
  3036 | D:2      | Noticed Natasha
  3039 | D:2      | Killed Natasha
  3039 | D:2      | Reached skill level 6 in Spellcasting
  3370 | D:2      | Noticed Natasha
  3373 | D:2      | Killed Natasha
  3913 | D:3      | Reached XP level 6. HP: 32/32 MP: 9/17
  3915 | D:3      | Reached skill level 7 in Spellcasting
  4119 | D:3      | Reached * piety under Vehumet
  4119 | D:3      | Offered knowledge of Shock by Vehumet.
  4756 | D:4      | Noticed a hippogriff
  4767 | D:4      | Mangled by a hippogriff

Levels and vault maps discovered:
D:1:      dpeg_arrival_brainrot, layout_loops_corners, minmay_3d_cube
D:2:      layout_basic, minitemple, chequers_ecumenical_altar_simple,
          minmay_distorted, uniq_jessica, uniq_natasha
D:3:      layout_loops_ring, first_ration, corexii_item_surrounded_by_moat
D:4:      layout_rooms, kennysheep_small_spiral, grunt_ministairs_2, minivault_5

Skill      XL: |  1  2  3  4  5  6 |
---------------+-------------------+-----
Spellcasting   | 4 5 6 7 |  7.8
Conjurations   | 5 6 |  6.3
Dodging        | |  2.4
Stealth        | |  2.4

Action                   |  1- 3 |  4- 6 || total
-------------------------+-------+-------++-------
Melee: Unarmed           |       |    38 ||    38
Throw: Stone             |       |     1 ||     1
 Cast: Magic Dart        |    60 |    82 ||   142
       Searing Ray       |     8 |    23 ||    31
       Iskenderun's Myst |       |    10 ||    10
  Use: Potion            |       |     6 ||     6
  Eat: Chunk             |     3 |     6 ||     9
       Ration            |       |     1 ||     1
Armor: Robe              |     3 |     9 ||    12
Dodge: Dodged            |     7 |    33 ||    40
       Deflected         |     1 |       ||     1
